Map: Ulrena

Players

killpowa - Winner!

  • Race: Terran Terran
  • League: Gold

capac

  • Race: Terran Terran
  • League: Gold

VOD

Have the link to the VOD?

Description

Time

  • Played on: March 5, 2016, 11:22 a.m.
  • Length: 23:36
Show
View Real Time Build Order
Export as new Build Order

killpowa Terran - Winner!

Build Orders:  

Get SALT Encoding   

  12  0:01  SCV  
  13  0:13  SCV  
  14  0:23  Supply Depot  
  14  0:25  SCV  
  15  0:44  SCV  
  15  0:45  Barracks  
  16  0:50  Refinery  
  16  0:56  SCV  
  17  1:04  Barracks  
  17  1:08  SCV  
  18  1:20  SCV  
  19  1:33  SCV  
  19  1:34  Supply Depot  
  20  1:40  Marine  
  20  1:45  SCV  
  22  1:54  Marine  
  22  2:08  SCV  
  23  2:09  Barracks Reactor  
  23  2:12  Marine  
  24  2:20  SCV  
  24  2:21  Command Center  
  25  2:29  Marine  
  25  2:32  SCV  
  25  2:36  Supply Depot  
  27  2:44  SCV  
  27  2:47  Marine x2  
  30  2:56  SCV  
  31  2:59  Factory  
  31  3:03  Barracks Tech Lab  
  31  3:08  Refinery, SCV  
  31  3:11  Marine  
  33  3:13  Marine  
  34  3:20  SCV  
  35  3:27  Supply Depot  
  35  3:32  SCV  
  36  3:36  Orbital Command  
  36  3:41  Supply Depot  
  36  3:49  Starport  
  36  3:53  SCV  
  37  3:56  Factory Tech Lab  
  37  3:59  Marine  
  37  4:01  Orbital Command  
  38  4:16  Marine x2  
  40  4:17  Marine  
  40  4:19  Stimpack  
  40  4:22  Siege Tank  
  44  4:32  Medivac  
  44  4:37  SCV x2  
  48  4:42  Engineering Bay  
  48  4:49  SCV  
  48  4:50  SCV  
  50  4:54  Siege Tank  
  53  5:02  SCV  
  54  5:08  Marine x2  
  54  5:14  Terran Infantry Weapons Level 1, Barracks  
  56  5:15  SCV  
  56  5:18  Orbital Command  
  57  5:26  Starport Reactor  
  55  5:43  Marine  
  55  5:44  Marine, Siege Tank  
  55  5:45  SCV x2  
  56  5:57  SCV x2  
  58  6:06  Viking  
  58  6:09  SCV x2  
  62  6:15  Marine x3  
  62  6:16  Refinery  
  65  6:21  SCV x2  
  67  6:27  Barracks Reactor  
  67  6:33  SCV x2  
  67  6:36  Refinery  
  69  6:45  SCV, Missile Turret  
  70  6:51  Supply Depot  
  70  6:54  Supply Depot  
  70  6:58  Supply Depot  
  70  7:04  Armory  
  70  7:08  Terran Infantry Armor Level 1  
  70  7:12  Viking, SCV x2, Medivac  
  76  7:16  Supply Depot  
  76  7:21  Marine x2  
  76  7:22  Marauder  
  80  7:23  Marine x2  
  80  7:24  SCV  
  80  7:25  SCV  
  84  7:38  Supply Depot  
  84  7:39  Marine x2, Siege Tank  
  84  7:41  Marine x2  
  84  7:42  Viking x2  
  84  7:43  Marauder  
  97  7:47  Starport  
  97  7:57  Marine  
  96  8:09  Marine x2  
  96  8:10  Marine x2  
  96  8:12  Viking x2  
  104  8:18  Marine  
  105  8:27  Marine, SCV x2  
  105  8:32  Marine  
  105  8:33  Marine  
  110  8:39  Command Center  
  110  8:40  Supply Depot  
  110  8:43  Supply Depot  
  110  9:01  Terran Infantry Weapons Level 2, Marine, SCV, Medivac x2  
  116  9:04  Supply Depot, Siege Tank  
  116  9:05  Medivac  
  116  9:06  Supply Depot, Marine  
  116  9:07  SCV  
  119  9:31  Medivac  
  119  9:37  Marine  
  119  9:38  Marine x2, Siege Tank  
  124  9:39  SCV x2  
  129  9:51  SCV  
  129  9:52  SCV  
  131  10:04  SCV x2  
  118  10:16  SCV  
  94  10:43  Marine x3  
  95  10:51  Marine x2  
  95  10:52  Siege Tank  
  95  10:56  Viking x2  
  95  10:57  Viking  
  106  11:00  Marine x2  
  106  11:01  Marine  
  109  11:08  Marine  
  109  11:09  Marine  
  111  11:18  Marine x2  
  111  11:26  Viking x2  
  111  11:27  Viking  
  114  11:33  Marine x2  
  114  11:34  Marine  
  114  11:36  Marine, SCV x2  
  114  11:38  Refinery  
  120  11:40  Refinery, Terran Infantry Weapons Level 3  
  120  11:41  SCV  
  120  11:42  Command Center  
  119  11:56  Viking x3  
  113  12:18  Marine x5  
  113  12:22  SCV x2  
  120  12:24  SCV  
  120  12:26  Viking x2, Medivac  
  127  12:34  SCV  
  127  12:36  Marine x5  
  131  12:53  Marine  
  131  12:56  Viking x2  
  122  13:07  Viking  
  122  13:08  Marine x4  
  122  13:09  Siege Tank  
  130  13:26  Viking  
  112  13:58  Marine x5  
  112  13:59  Siege Tank  
  112  14:01  SCV x3  
  123  14:07  Supply Depot  
  119  14:16  Marine  
  119  14:17  Terran Infantry Armor Level 2  
  118  14:37  Orbital Command  
  118  14:39  SCV  
  118  14:40  SCV  
  118  14:42  Marine x2  
  118  14:43  Marine x3  
  118  14:45  Siege Tank  
  128  14:46  Viking x2, Medivac  
  134  15:00  Marine x3  
  137  15:09  Planetary Fortress  
  137  15:12  Marine x2  
  139  15:16  Viking x2, Medivac  
  139  15:18  Marine x3  
  139  15:19  Supply Depot  
  148  15:22  Supply Depot  
  148  15:30  Marine x2  
  150  15:45  Marine x3  
  150  15:46  Viking x3  
  159  15:56  Marine  
  159  15:57  Marine, Siege Tank  
  160  16:02  Marine  
  160  16:03  Marine x2  
  159  16:14  Marine x2  
  159  16:16  Viking x3  
  167  16:20  Marine x3  
  170  16:32  Marine x2  
  171  16:38  Marine  
  173  16:46  Viking x3  
  177  16:56  Marine x2, Siege Tank  
  177  16:57  Marine x3  
  185  17:13  Marine  
  173  17:16  Viking x2  
  173  17:21  Marine x2  
  177  17:23  Medivac  
  177  17:24  SCV x2  
  177  17:28  Siege Tank  
  174  17:46  Viking x2  
  178  17:53  Viking  
  180  18:03  Terran Infantry Armor Level 3  
  180  18:07  Terran Vehicle And Ship Armor Level 1  
  180  18:10  Supply Depot  
  180  18:11  Supply Depot  
  180  18:13  Refinery  
  180  18:14  Refinery  
  180  18:16  Viking x2  
  184  18:20  Marine x3  
  184  18:21  Siege Tank  
  184  18:23  Viking  
  192  18:44  Marine x3  
  192  18:46  Viking x2  
  199  19:01  Supply Depot  
  199  19:03  Command Center  
  199  19:16  Viking, Medivac  
  183  19:29  Liberator  
  177  19:34  Marine  
  177  19:35  Marine, Siege Tank  
  177  19:36  Viking  
  184  19:46  Viking  
  184  19:49  Liberator  
  155  20:11  Marine x3  
  155  20:13  Marine x2  
  152  20:16  Viking  
  152  20:28  Viking, Thor  
  152  20:29  Marine x2  
  152  20:34  SCV x2  
  164  20:46  Viking  
  164  20:49  Viking, Missile Turret x2  
  168  20:50  Missile Turret  
  168  20:53  SCV x2  
  168  20:55  Missile Turret  
  168  20:56  SCV x2  
  172  20:58  Viking  
  174  21:09  Marine x3  
  174  21:10  Marine x2  
  179  21:11  Thor  
  179  21:16  Viking  
  187  21:19  Viking  
  189  21:27  Marine x3  
  189  21:28  Viking  
  194  21:46  Viking, SCV x2  
  198  21:48  Viking  
  198  21:49  Refinery  
  198  21:53  Refinery  
Show
View Real Time Build Order
Export as new Build Order

capac Terran 

Build Orders:  

Get SALT Encoding   

  12  0:00  SCV  
  13  0:13  SCV  
  14  0:18  Supply Depot  
  14  0:25  SCV  
  15  0:39  SCV  
  15  0:42  Barracks  
  16  0:51  Refinery  
  16  0:52  SCV  
  17  1:04  SCV  
  18  1:16  SCV  
  19  1:35  Barracks Reactor  
  19  1:39  Command Center  
  19  1:50  Barracks  
  18  1:55  SCV  
  18  2:09  Orbital Command  
  18  2:13  Marine x2  
  20  2:27  Bunker  
  20  2:38  Factory  
  20  2:40  SCV  
  21  2:46  Barracks Tech Lab  
  21  2:49  Marine  
  22  2:52  Marine  
  22  2:57  SCV  
  24  3:01  Refinery  
  24  3:09  Marine x2  
  27  3:15  SCV  
  27  3:21  Orbital Command  
  27  3:28  Starport  
  27  3:31  SCV  
  28  3:42  Marine  
  28  3:43  Marine, SCV  
  28  3:46  Factory Tech Lab  
  31  3:48  Stimpack  
  31  3:49  Marine  
  31  3:52  SCV  
  33  4:10  SCV x2  
  33  4:12  Starport Reactor  
  35  4:22  SCV x2  
  37  4:26  Supply Depot  
  37  4:34  SCV  
  38  4:48  Siege Tank, SCV  
  38  4:51  Viking x2  
  46  4:54  Supply Depot  
  46  5:10  Supply Depot  
  46  5:16  Marine x3, SCV x2  
  51  5:21  Engineering Bay  
  51  5:22  Supply Depot  
  51  5:28  SCV x2  
  49  5:35  Liberator  
  47  5:50  Marine x3  
  47  5:52  Siege Tank  
  55  6:08  Marine x2  
  57  6:17  SCV x2  
  59  6:20  Liberator  
  59  6:24  Missile Turret  
  59  6:25  Marine  
  60  6:26  Marine  
  60  6:29  SCV x2  
  63  6:35  Refinery  
  63  6:36  Refinery  
  66  6:41  SCV x2  
  66  6:44  Marine x2  
  66  6:46  Command Center  
  70  6:57  Missile Turret  
  70  7:04  Liberator x2  
  70  7:16  Supply Depot, Marine x3  
  70  7:17  SCV x2  
  81  7:29  SCV x2  
  83  7:34  Marine  
  84  8:04  Viking x2  
  88  8:09  SCV x2  
  90  8:25  Liberator x2  
  90  8:26  SCV x2  
  92  8:44  Siege Tank  
  92  8:45  Marine x2  
  104  8:49  Supply Depot  
  104  8:54  SCV x2  
  106  9:00  Orbital Command  
  106  9:07  Starport  
  106  9:09  Marine x3  
  86  9:55  Viking x2, Starport Reactor  
  86  9:59  Starport  
  80  10:26  SCV x2  
  81  10:41  Liberator x3  
  81  10:42  Liberator  
  73  10:52  Marine x3  
  76  11:00  Viking  
  76  11:03  Siege Tank  
  93  11:07  Supply Depot  
  93  11:10  Marine x3  
  93  11:12  Factory  
  88  11:41  Marine x3  
  91  11:50  Liberator x4  
  91  11:59  Marine  
  104  12:08  Marine x2  
  104  12:10  Factory Tech Lab  
  104  12:12  Starport Reactor  
  104  12:13  Supply Depot  
  106  12:16  Supply Depot  
  106  12:17  Marine  
  101  12:50  Viking x4  
  84  13:17  SCV x3  
  77  13:29  SCV  
  77  13:33  Liberator x2  
  73  13:47  Viking x2  
  75  13:48  Viking x2  
  75  13:53  Supply Depot, Siege Tank  
  75  13:54  Siege Tank  
  90  14:25  Medivac x2  
  90  14:31  Refinery  
  94  14:32  Refinery  
  94  14:40  Marine x2  
  94  14:41  Marine  
  94  14:45  Supply Depot x2  
  97  14:48  Supply Depot  
  97  14:57  Command Center  
  97  14:58  Marine  
  98  15:07  Command Center  
  98  15:10  Liberator x2  
  98  15:23  Viking x2  
  98  15:24  Viking  
  98  15:25  Viking  
  112  15:32  Armory  
  112  15:37  SCV x3  
  108  15:58  Missile Turret  
  97  16:43  Viking x5  
  96  17:21  Liberator x4  
  96  17:22  Liberator x2  
  112  18:06  Liberator  
  112  18:07  Liberator x3  
  112  18:08  Liberator  
  127  18:44  Liberator  
  127  18:49  Liberator  
  127  18:59  Marine x2  
  127  19:00  Marine  
  133  19:17  Marine  
  87  19:52  Liberator  
  51  20:27  Orbital Command  
  51  20:40  Command Center  
  51  20:59  Medivac  
  53  21:38  Command Center  
  53  21:55  Refinery  
  53  21:59  Refinery  
  53  22:01  Orbital Command  
Tags
 
League
GoldGold
Matchup
TvT
Race
Terran
Add a new tag
Caveats
  • Supply blocks, unpowered buildings, or Contaminate may cause inaccurate times.
  • Supply counts are checked every 10 seconds.